 Dungeon Crawl Stone Soup version 0.19-a0-1457-g32fba05 (webtiles) character file.

609 kae the Carver (level 7, -1/57 HPs)
             Began as a Minotaur Fighter on Sept 6, 2016.
             Slain by confidenceinterval's ghost (10 damage)
             ... on level 4 of the Dungeon.
             The game lasted 00:02:25 (3342 turns).

kae the Carver (Minotaur Fighter)                   Turns: 3342, Time: 00:02:26

Health: -1/57      AC:  6    Str: 20    XL:     7   Next: 19%
Magic:  6/6        EV:  7    Int:  7    God:
Gold:   189        SH:  9    Dex: 10    Spells: 0 memorised, 6 levels left

rFire  . . .     SeeInvis .     a - +1 long sword
rCold  . . .     Gourm    .     b - +0 scale mail
rNeg   . . .     Faith    .     c - +0 shield
rPois  .         Spirit   .     (helmet restricted)
rElec  .         Dismiss  .     (no cloak)
rCorr  .         Reflect  .     (no gloves)
MR     .....     Harm     .     (no boots)
Stlth  ..........               e - amulet of regeneration (curse)
                                (no ring)
                                (no ring)

@: no status effects
A: retaliatory headbutt, horns 2
a: no special abilities


You were on level 4 of the Dungeon.
You were very hungry.

You visited 1 branch of the dungeon, and saw 4 of its levels.

You collected 189 gold pieces.

Inventory:

Hand Weapons
 a - a +1 long sword (weapon)
Armour
 b - a +0 scale mail (worn)
 c - a +0 shield (worn)
Jewellery
 e - a cursed amulet of regeneration (around neck)
Scrolls
 k - a scroll of amnesia
 m - a scroll of fog
 n - a scroll of blinking {unknown}
 q - a scroll of magic mapping {unknown}
Potions
 d - a potion of might
 g - a potion of magic
 h - a potion of mutation {unknown}
 j - a potion of cancellation {unknown}
 l - 2 potions of curing {unknown}
 o - a potion of flight
 p - a potion of lignification {unknown}
Comestibles
 f - 3 bread rations
 i - 5 fruits
 r - 3 chunks of flesh
 s - a meat ration


   Skills:
 - Level 3.6 Fighting
 + Level 9.6 Long Blades
 - Level 3.6 Armour
 - Level 3.6 Shields


You had 6 spell levels left.
You didn't know any spells.

Dungeon Overview and Level Annotations

Branches:
Dungeon (4/15)
 Temple: D:4-7

Altars:
Cheibriados
Fedhas
Hepliaklqana
Xom
Yredelemnul
Zin

Annotations:
D:4 confidenceinterval's ghost, amateur GrFi


Innate Abilities, Weirdness & Mutations

You reflexively headbutt those who attack you in melee.
You have a pair of horns on your head.


Message History

Your unstable footing causes you to fumble your attack.
Confidenceinterval's ghost hits you!
Your unstable footing causes you to fumble your attack.
Confidenceinterval's ghost hits you!
Your unstable footing causes you to fumble your attack.
Confidenceinterval's ghost hits you!
A rat comes into view.
Unknown command.
You completely miss confidenceinterval's ghost.
Confidenceinterval's ghost is lightly damaged.
You block confidenceinterval's ghost's attack.
Your unstable footing causes you to fumble your attack.
You block confidenceinterval's ghost's attack.
Unknown command.
You are feeling very hungry.
Confidenceinterval's ghost hits you!
* * * LOW HITPOINT WARNING * * *
Confidenceinterval's ghost shrieks, "I was like you once."
Confidenceinterval's ghost hits you!
You die...

#.#....###..............
####≈######≈##.#...#.......
#.#≈≈≈# ≈≈≈≈#.....+.......
#.#≈≈≈# ≈≈≈#.#..##.......
#.##≈## #r##.#..###'#####
####.##≈# #≈####..# #.#
#.....#≈# #s#.....###.#####
#.##.##≈## ##W##.##)#........
#.##.#≈≈≈####@≈≈#.##.#.#.#.###
#.##.#≈≈≈≈≈≈≈≈≈≈#.##.#........
#.##.##≈######≈##.##.#####.###
#.##..###....###..#### ##...
#.##.## #####<....############
#.##.# #.######^._^^##...
#.##.# #.# ##...###... #.##.#
#.######^....###.# #.##.#
#.....###^^^###...


You could see confidenceinterval's ghost, a giant cockroach and a rat.

Vanquished Creatures
  Eustachio (D:4)
  The ghost of stickyfingers the Chopper, an amateur HOMo of the Shining One (D:3)
  An ogre (D:4)
  2 hounds (D:4)
  4 gnolls (D:2)
  5 adders
  A river rat (D:4)
  An ooze (D:3)
  A worm (D:3)
  A dart slug (D:1)
  4 giant geckos
  2 ball pythons
  6 bats
  4 giant cockroaches
  3 goblins (D:2)
  7 hobgoblins
  14 jackals
  2 quokkas
  3 giant newts
  7 kobolds
  11 rats
  A spectral orc (D:4)
82 creatures vanquished.

Notes
Turn   | Place    | Note
-------+----------+-------------------------------------------
     0 | D:1      | kae the Minotaur Fighter began the quest for the Orb.
     0 | D:1      | Reached XP level 1. HP: 19/19 MP: 0/0
   188 | D:1      | Reached skill level 3 in Long Blades
   223 | D:1      | Reached XP level 2. HP: 26/26 MP: 1/1
   719 | D:2      | Reached skill level 4 in Long Blades
   719 | D:2      | Reached XP level 3. HP: 30/31 MP: 2/2
   953 | D:2      | Found a hazy altar of Hepliaklqana.
   999 | D:2      | Reached skill level 5 in Long Blades
  1228 | D:2      | Reached XP level 4. HP: 37/39 MP: 3/3
  1697 | D:3      | Noticed stickyfingers's ghost (amateur HOMo)
  1711 | D:3      | Killed stickyfingers's ghost
  1711 | D:3      | Reached skill level 7 in Long Blades
  1711 | D:3      | Reached XP level 5. HP: 19/45 MP: 4/4
  1798 | D:3      | Found a blossoming altar of Fedhas.
  1799 | D:3      | Found a snail-covered altar of Cheibriados.
  1934 | D:3      | Reached XP level 6. HP: 50/51 MP: 5/5
  2548 | D:4      | Reached skill level 8 in Long Blades
  2549 | D:4      | Found a glowing silver altar of Zin.
  2656 | D:4      | Noticed an angel
  2658 | D:4      | Found a shimmering altar of Xom.
  2990 | D:4      | Noticed Eustachio
  3019 | D:4      | Killed Eustachio
  3019 | D:4      | Reached skill level 9 in Long Blades
  3019 | D:4      | Reached XP level 7. HP: 47/57 MP: 6/6
  3053 | D:4      | Found a basalt altar of Yredelemnul.
  3329 | D:4      | Noticed confidenceinterval's ghost (amateur GrFi)
  3342 | D:4      | Slain by confidenceinterval's ghost

Vault maps used:
D:1:      minmay_arrival_hallway
D:2:      old_standard_altar, serial_forest, infiniplex_forest_lined_corner,
          infiniplex_forest_corner_1, infiniplex_forest_end_double,
          infiniplex_forest_end_2, infiniplex_forest_clump_C,
          infiniplex_forest_end_2, infiniplex_forest_straight_4,
          infiniplex_forest_pool
D:3:      nicolae_overflow_hidden_temple
D:4:      grunt_temple_overflow_order_and_chaos_1,
          yredelemnul_forgotten_temple_becter, gup_sewer_entry_bubbles,
          first_bread, kennysheep_crisscross, serial_bayou_pond_a,
          uniq_eustachio

Skill      XL: |  1  2  3  4  5  6 |
---------------+-------------------+-----
Long Blades    | 3 4 5 7 9 |  9.6
Fighting       | |  3.6
Armour         | |  3.6
Shields        | |  3.6

Action                   |  1- 3 |  4- 6 |  7- 9 || total
-------------------------+-------+-------+-------++-------
Melee: Long sword        |    87 |   134 |    34 ||   255
       Headbutt          |     5 |    26 |     2 ||    33
  Use: Scroll            |       |     7 |       ||     7
  Eat: Chunk             |     1 |     6 |       ||     7
Armor: Scale mail        |    29 |    31 |     9 ||    69
Dodge: Dodged            |    29 |    32 |     8 ||    69
Block: Shield            |    43 |    51 |    11 ||   105
